 Dungeon Crawl Stone Soup version 0.28-a0-653-g7e9dba17c3 (webtiles) character file.

Game seed: 13496405794910397832

259820 LSt the Wrestler (level 19, 202/204 HPs)
             Began as a Troll Berserker on July 20, 2021.
             Was the Champion of Trog.
             Quit the game on level 4 of the Snake Pit on Oct 12, 2021.
             The game lasted 03:20:20 (34620 turns).

LSt the Wrestler (Troll Berserker)                 Turns: 34620, Time: 03:20:21

Health: 202/204    AC: 16    Str: 40    XL:     19   Next: 54%
Magic:  18/18      EV: 12    Int:  4    God:    Trog [******]
Gold:   1649       SH: 17    Dex: 17    Spells: 18/18 levels left

rFire   + . .      SeeInvis .     - Unarmed
rCold   + . .      Faith    .   K - +1 kite shield {rN+}
rNeg    + + .      Spirit   .   Z - +0 swamp dragon scales
rPois   +          Reflect  +   k - +4 hat of the Sparrow {Int+4}
rElec   .          Harm     .   f - +1 cloak of Mankogge {rN+ Int-3 Dex+3}
rCorr   .          Rampage  .   (gloves unavailable)
Will    +....                   (boots unavailable)
Stlth   +.........              Y - amulet of reflection
HPRegen 1.44/turn               x - +6 ring of strength
MPRegen 0.16/turn               C - ring of Laal {Wiz rF+ rC+ Dex+3}

@: no status effects
A: large, unfitting armour, claws 3, regeneration 1, shaggy fur 1, tough skin 1
}: 1/15 runes: serpentine
a: Renounce Religion, Berserk, Trog's Hand, Brothers in Arms


You were on level 4 of the Snake Pit.
You worshipped Trog.
Trog was exalted by your worship.
You visited 5 branches of the dungeon, and saw 30 of its levels.
You also visited: Bailey.

You collected 3371 gold pieces.
You spent 1722 gold pieces at shops.

Inventory:

Hand Weapons
 q - a +4 scimitar of flaming
 G - a +0 hand crossbow
Missiles
 h - 8 atropa-tipped darts
 l - 441 bolts
 u - 30 boomerangs (quivered)
 T - 14 large rocks
 X - 4 javelins
Armour
 f - the +1 cloak of Mankogge (worn) {rN+ Int-3 Dex+3}
   (You found it on level 3 of the Lair of Beasts)

   Int:       It affects your intelligence (-3).
   Dex:       It affects your dexterity (+3).
   rN:        It protects you from negative energy.
 k - the +4 hat of the Sparrow (worn) {Int+4}
   (You acquired it on level 12 of the Dungeon)

   Int:       It affects your intelligence (+4).
 K - a +1 kite shield of positive energy (worn)
 S - a +2 robe of resistance
 Z - +0 swamp dragon scales (worn)
Jewellery
 d - an amulet of regeneration
 x - a +6 ring of strength (left claw)
 C - the ring of Laal (right claw) {Wiz rF+ rC+ Dex+3}
   (You bought it in a shop on level 2 of the Orcish Mines)

   [ring of wizardry]

   It improves your spell success rate.
   Dex:       It affects your dexterity (+3).
   rF:        It protects you from fire.
   rC:        It protects you from cold.
 W - a ring of see invisible
 Y - an amulet of reflection (around neck)
Wands
 a - a wand of charming (19)
 g - a wand of paralysis (9)
 w - a wand of acid (16)
 B - a wand of flame (71)
 D - a wand of digging (7)
 L - a wand of iceblast (49)
 Q - a wand of polymorph (30)
 R - a wand of mindburst (49)
Scrolls
 c - 3 scrolls of blinking
 e - 4 scrolls of magic mapping
 n - 3 scrolls of vulnerability
 r - a scroll of holy word
 s - 5 scrolls of summoning
 t - 2 scrolls of fog
 A - a scroll of silence
 E - 9 scrolls of fear
 I - 3 scrolls of immolation
 J - 11 scrolls of teleportation
 N - 6 scrolls of identify
Potions
 b - 2 potions of resistance
 i - 9 potions of curing
 j - 9 potions of flight
 m - 6 potions of magic
 o - 2 potions of haste
 p - 5 potions of heal wounds
 y - a potion of ambrosia
 z - 2 potions of lignification
 F - 3 potions of cancellation
 H - 4 potions of attraction
 M - a potion of invisibility
 P - 2 potions of might
Miscellaneous
 v - a phial of floods
 O - a condenser vane
 U - a lightning rod (4/4)
 V - a tin of tremorstones (2/2)


   Skills:
 + Level 16.2 Fighting
 - Level 3.0 Armour
 - Level 5.7 Dodging
 - Level 9.0 Shields
 + Level 26.7 Unarmed Combat
 - Level 4.0 Evocations


You had 18 spell levels left.
You didn't know any spells.
Your spell library was empty.

Dungeon Overview and Level Annotations

Branches:
Dungeon (15/15)            Temple (0/1) D:4            Lair (6/6) D:11
  Swamp (3/4) Lair:4        Snake (4/4) Lair:4        Slime (0/5) Lair:5
    Orc (2/2) D:9             Elf (0/3) Orc:2        Vaults (0/5) D:13
 Depths (0/5) D:15         Bailey (visited)

Altars:
Ashenzari
Dithmenos
Elyvilon
Gozag
Qazlal
Trog
Vehumet
Xom
Zin
Beogh

Shops:
D:1 !   D:5 *   D:6 ?((![   D:13 (   Orc:1 (   Orc:2 ((=(   Snake:2 [?
Snake:3 ==:   Snake:4 [:?

Annotations:
D:10 2 transporters
Lair:6 1 runed translucent door, Bybenepn's ghost, adept HuAr
Swamp:3 Nikola


Innate Abilities, Weirdness & Mutations

You are too large for most types of armour.
You have claws for hands.
Your natural rate of healing is unusually fast.
You are covered in fur. (AC +1)
You have tough skin. (AC +1)


Message History

l - 421 bolts (gained 19)
Items here: )))) [[[ †.
l - 441 bolts (gained 20)
Items here: ( ))))) [.
Things that are here:
a +0 short sword; a naga skeleton
Items here: )))))))))) [[[[[ ÷÷÷ †.
Things that are here:
a +0 dire flail; a naga skeleton
Things that are here:
a +0 hand axe; a +0 robe You open the door.
There is an entrance to Oschupev's Magic Scroll Shop here.
Things that are here:
a +1 vorpal halberd; a +0 robe
Things that are here:
a +0 dire flail; a +0 robe
Items here: ( )))).
Things that are here:
a +0 halberd; a +0 trident
Items here: ( ))) [[.
Things that are here:
a +0 shortbow; a +0 long sword; 18 arrows You see here a +1 quarterstaff.
There is an open door, spattered with blood here.
Things that are here:
a +0 war axe; a +0 robe Done exploring.
Saving game... please wait.
Welcome back, LSt the Troll Berserker.
Trog says: Kill them all!
Press ? for a list of commands and other information.
Saving game... please wait.
Your Fighting skill increases to level 16!
Your Unarmed Combat skill gained 2 levels and is now at level 26!
Welcome back, LSt the Troll Berserker.
Trog says: Kill them all!
Press ? for a list of commands and other information.
Unknown command.
Are you sure you want to abandon this character and quit the game? (Confirm with "yes".)

##...# ####.....#.....# #..⌠.)...
#....## ##.........## #.....8..
......## ##.......## #........
##.....# #........####.....8..
###....### ##...........#...⌠....
#......###............#.....8..
##....................#........
#....................#.....8..
####.###########@.......##.⌠.....
.....# #.........#....8.. .....#
#.........##...... .....# ######
#..........#.....⌠ .....###....##
#..........##..... .....#.#.....#
#...........###...
.....#.##....###...........####..
#....#..####'#.#..........##.....
###..#.........'..####...##......


There were no monsters in sight!

Vanquished Creatures
  Vashnia (Snake:3)
  A thorn hunter (Swamp:1)
  Kirke (Lair:5)
  7 nagarajas
  A fire giant (D:14)
  Louise (Snake:3)
  2 orc warlords
  An emperor scorpion (D:14)
  Nessos (Lair:4)
  7 dire elephants
  A bunyip (Swamp:2)
  2 eleionomae
  A great orb of eyes (D:14)
  3 vault guards (D:13)
  15 hydras
  2 salamander tyrants
  A death knight (D:12)
  A ghost crab (Swamp:2)
  3 boulder beetles
  2 ogre magi (D:15)
  22 naga warriors
  20 anacondas
  6 centaur warriors
  2 catoblepae
  14 two-headed ogres
  4 alligators
  Urug (D:11)
  9 shock serpents
  2 tengu warriors
  A spectral dire elephant (Lair:6)
  24 naga sharpshooters
  3 orc high priests (Orc:2)
  5 skeletal warriors
  2 spectral death yaks (Lair:6)
  3 salamander mystics
  A spectral anaconda (Lair:6)
  6 goliath frogs
  2 bog bodies (Swamp:2)
  An obsidian statue (Lair:6)
  6 swamp dragons (Swamp:2)
  Pikel (D:6)
  9 naga ritualists
  2 lindwurms
  18 mana vipers
  3 necromancers (Lair:6)
  3 deep elf pyromancers
  8 orc knights
  5 oklob plants
  A will-o-the-wisp (Swamp:2)
  5 manticores
  3 cyclopes
  24 salamanders
  A dire elephant zombie (Lair:6)
  6 orc sorcerers
  6 elephants (Lair:6)
  Maurice (D:8)
  12 guardian serpents
  18 naga magi
  41 black mambas
  A gargoyle (D:6)
  2 unseen horrors
  13 cane toads
  A dire elephant skeleton (Lair:6)
  13 komodo dragons
  An efreet (D:13)
  4 tengu conjurers
  3 rime drakes
  A polar bear (Lair:6)
  8 trolls
  9 tyrant leeches
  4 hornets (Swamp:1)
  A spectral elephant (Lair:6)
  15 blink frogs
  12 slime creatures
  A spriggan (shapeshifter) (D:14)
  A vampire (D:13)
  5 wraiths
  3 wyverns
  4 basilisks
  4 spriggans (Swamp:1)
  A hog (Lair:5)
  2 water elementals (D:15)
  36 yaks
  Eustachio (D:4)
  3 steam dragons
  A death yak simulacrum (Lair:6)
  12 humans
  3 vampire mosquitoes (D:14)
  53 nagas
  3 spectral cane toads (Lair:6)
  8 swamp worms
  2 acid dragons
  3 wargs
  10 water moccasins
  3 black bears
  A meliai simulacrum (D:13)
  3 swamp drakes
  42 orc warriors
  2 elephant zombies (Lair:6)
  A sky beast (D:4)
  2 necrophages
  11 ogres
  5 wolves (Lair:2)
  14 centaurs
  An elephant skeleton (Lair:6)
  A lemure (D:6)
  2 phantoms (D:9)
  2 kobold brigands
  12 bullfrogs
  2 gnoll sergeants
  A water moccasin skeleton (D:6)
  4 elephant simulacra (Lair:6)
  6 killer bees (D:9)
  10 wights
  6 electric eels
  10 howler monkeys
  A bullfrog zombie (D:7)
  3 centaur zombies
  14 jellies
  A hound (D:5)
  A bullfrog skeleton (D:6)
  A centaur skeleton (D:4)
  19 orc priests
  15 iguanas
  19 orc wizards
  A killer bee zombie (D:5)
  8 ogre zombies (D:9)
  A howler monkey skeleton (D:7)
  2 howler monkey zombies
  19 gnolls
  5 adders
  A white imp (D:7)
  An adder skeleton (D:5)
  2 worms
  3 dart slugs
  64 orcs
  9 ball pythons
  3 bats
  12 endoplasms
  A giant cockroach (D:1)
  20 hobgoblins
  5 jackals
  3 quokkas
  18 frilled lizards
  27 goblins
  3 goblin zombies (D:9)
  14 kobolds
  7 orc skeletons (D:9)
  15 orc zombies (D:9)
  8 rats
  2 briar patches (Swamp:1)
1068 creatures vanquished.

Vanquished Creatures (collateral kills)
  A tengu warrior (D:12)
1 creature vanquished.

Vanquished Creatures (others)
  An alligator (Swamp:2)
  2 humans
  A briar patch (Swamp:1)
  6 foxfires (Swamp:2)
  20 fungi
  18 plants
  19 withered plants (Lair:6)
67 creatures vanquished.

Grand Total: 1136 creatures vanquished

Notes
Turn   | Place    | Note
-------+----------+-------------------------------------------
     0 | D:1      | LSt the Troll Berserker began the quest for the Orb.
     0 | D:1      | Reached XP level 1. HP: 22/22 MP: 0/0
    17 | D:1      | Found Geapon's Distillery.
    62 | D:1      | Reached XP level 2. HP: 29/29 MP: 1/1
   214 | D:1      | Reached skill level 4 in Unarmed Combat
   298 | D:1      | Found a faded altar of an unknown god.
   330 | D:1      | Reached XP level 3. HP: 36/36 MP: 2/2
   385 | D:1      | Reached ** piety under Trog
  1008 | D:1      | Bought a potion of degeneration for 14 gold pieces
  1085 | D:2      | Reached XP level 4. HP: 44/44 MP: 3/3
  1148 | D:2      | Reached skill level 5 in Unarmed Combat
  1815 | D:3      | Found a shadowy altar of Dithmenos.
  1815 | D:3      | Found a stormy altar of Qazlal.
  2024 | D:4      | Noticed a necrophage
  2042 | D:3      | Killed a necrophage
  2043 | D:3      | Reached skill level 6 in Unarmed Combat
  2043 | D:3      | Reached XP level 5. HP: 50/50 MP: 4/4
  2427 | D:4      | Reached *** piety under Trog
  2437 | D:4      | Noticed a sky beast
  2459 | D:4      | Killed a sky beast
  2460 | D:4      | Reached XP level 6. HP: 47/61 MP: 5/5
  2557 | D:4      | Found a staircase to the Ecumenical Temple.
  2676 | D:4      | Reached skill level 7 in Unarmed Combat
  2817 | D:4      | Noticed Eustachio
  3135 | D:4      | Killed Eustachio
  3136 | D:4      | Reached XP level 7. HP: 61/70 MP: 6/6
  3260 | D:5      | Entered Level 5 of the Dungeon
  3379 | D:5      | Reached skill level 8 in Unarmed Combat
  3768 | D:5      | Reached XP level 8. HP: 62/78 MP: 7/7
  3924 | D:5      | Reached **** piety under Trog
  3925 | D:5      | Reached skill level 9 in Unarmed Combat
  3943 | D:5      | Found Nofe's Lightly-Used Armoury.
  4112 | D:5      | Found a bloodstained altar of Trog.
  4112 | D:5      | Found an opulent altar of Gozag.
  4298 | D:6      | Noticed Pikel
  4313 | D:6      | Killed Pikel
  4314 | D:6      | Reached skill level 10 in Unarmed Combat
  4395 | D:6      | Found Woytef's Magic Scroll Shoppe.
  4411 | D:6      | Bought a scroll of fog for 22 gold pieces
  4415 | D:6      | Found Orchach's Weapon Boutique.
  4453 | D:6      | Found Donits's Antique Weapon Emporium.
  4469 | D:6      | Reached XP level 9. HP: 85/85 MP: 8/8
  4507 | D:6      | Found Kanipset's Distillery.
  4718 | D:6      | Found Irchicis's Armour Boutique.
  4817 | D:6      | Noticed a gargoyle
  4831 | D:6      | Killed a gargoyle
  4832 | D:6      | Reached skill level 5 in Fighting
  4832 | D:6      | Reached skill level 11 in Unarmed Combat
  5769 | D:7      | Found a broken altar of Ashenzari.
  6336 | D:8      | Noticed Maurice
  6519 | D:8      | Reached XP level 10. HP: 100/100 MP: 9/9
  6526 | D:8      | Noticed a two-headed ogre
  6577 | D:7      | Reached ***** piety under Trog
  6614 | D:8      | Reached skill level 12 in Unarmed Combat
  6813 | D:8      | Killed Maurice
  6842 | D:8      | Killed a two-headed ogre
  7332 | D:8      | Identified the +1 mace "Dragonslayer" {pain, rElec rC+
                  | rCorr}
  7543 | D:9      | Noticed a cyclops
  7576 | D:9      | Killed a cyclops
  7681 | D:9      | Found a white marble altar of Elyvilon.
  7841 | D:9      | Found a radiant altar of Vehumet.
  7959 | D:9      | Reached skill level 13 in Unarmed Combat
  7973 | D:9      | Found a staircase to the Orcish Mines.
  8429 | D:10     | Entered Level 10 of the Dungeon
  8521 | D:10     | Noticed a two-headed ogre
  8578 | D:10     | Killed a two-headed ogre
  8579 | D:10     | Reached skill level 1 in Evocations
  8579 | D:10     | Reached XP level 11. HP: 113/113 MP: 10/10
  8687 | D:10     | Found a transporter.
  8687 | D:10     | Noticed an orc high priest
  8690 | D:10     | Found a transporter.
  8691 | D:10     | Noticed an orc sorcerer
  8692 | D:10     | Noticed a two-headed ogre
  8756 | D:10     | Reached ****** piety under Trog
  9056 | D:11     | Noticed a two-headed ogre
  9068 | D:11     | Noticed a boulder beetle
  9145 | D:10     | Killed a two-headed ogre
  9145 | D:10     | Received a gift from Trog
  9234 | D:11     | Killed a boulder beetle
  9340 | D:11     | Found a staircase to the Lair.
  9340 | D:11     | Noticed an oklob plant
  9569 | D:11     | Reached skill level 14 in Unarmed Combat
  9621 | D:11     | Noticed a two-headed ogre
  9643 | D:11     | Killed a two-headed ogre
  9703 | D:11     | Identified the +1 ring mail of Beogh's Condemnation {rF+
                  | rN+ Will+ Slay-2}
  9838 | D:11     | Noticed a skeletal warrior
  9838 | D:11     | Noticed a skeletal warrior
  9838 | D:11     | Noticed a skeletal warrior
  9889 | D:11     | Killed a skeletal warrior
  9896 | D:11     | Upgraded the game from 0.27-a0-1595-g0b823d0a13 to
                  | 0.28-a0-2-g643f2454ad
 10102 | D:11     | Noticed Urug
 10125 | D:11     | Killed Urug
 10233 | D:11     | Noticed a skeletal warrior
 10233 | D:11     | Noticed a skeletal warrior
 10317 | D:10     | Killed a skeletal warrior
 10318 | D:10     | Reached skill level 15 in Unarmed Combat
 10395 | D:10     | Killed a skeletal warrior
 10469 | D:10     | Killed a skeletal warrior
 10532 | D:10     | Killed a skeletal warrior
 10533 | D:10     | Reached XP level 12. HP: 123/123 MP: 11/11
 10728 | D:12     | Noticed a boulder beetle
 10736 | D:12     | Killed a boulder beetle
 11064 | D:12     | Noticed a two-headed ogre
 11069 | D:12     | Killed a two-headed ogre
 11070 | D:12     | Reached skill level 10 in Fighting
 11503 | D:12     | Noticed a two-headed ogre
 11525 | D:12     | Killed a two-headed ogre
 11526 | D:12     | Reached skill level 16 in Unarmed Combat
 11594 | D:12     | Identified the +1 pair of boots of Xayrej {Str+2}
 11628 | D:12     | Noticed a death knight
 11634 | D:12     | Killed a death knight
 11814 | D:13     | Noticed a two-headed ogre
 11825 | D:13     | Killed a two-headed ogre
 11924 | D:13     | Found the +5 robe of Misfortune {Contam Harm *Corrode Drain
                  | *Slow EV+5}
 12022 | D:13     | Identified a scroll of acquirement
 12117 | D:12     | Acquired the +4 hat of the Sparrow {Int+4}
 12162 | D:13     | Noticed a tengu warrior
 12200 | D:13     | Killed a tengu warrior
 12259 | D:13     | Noticed a tengu warrior
 12259 | D:13     | Noticed a centaur warrior
 12299 | D:12     | Killed a tengu warrior
 12353 | D:13     | Killed a centaur warrior
 12500 | D:13     | You fall into a shaft and drop 2 floors!
 12500 | D:15     | Entered Level 15 of the Dungeon
 12555 | D:14     | Reached XP level 13. HP: 137/137 MP: 12/12
 12656 | D:14     | Paralysed by a great orb of eyes for 7 turns
 12682 | D:14     | Reached skill level 17 in Unarmed Combat
 12882 | D:14     | Received a gift from Trog
 13094 | D:14     | Found a flagged portal.
 13109 | Bailey   | Entered a bailey
 13375 | Bailey   | Noticed an orc warlord
 13490 | Bailey   | Killed an orc warlord
 13491 | Bailey   | Reached skill level 18 in Unarmed Combat
 13786 | Bailey   | Reached skill level 19 in Unarmed Combat
 13786 | Bailey   | Reached XP level 14. HP: 146/146 MP: 13/13
 13787 | Bailey   | Reached XP level 15. HP: 154/154 MP: 14/14
 14420 | D:13     | Found Xovaq's Weapon Shoppe.
 14523 | D:13     | Reached skill level 5 in Dodging
 14689 | D:13     | Found a gate to the Vaults.
 14981 | Lair:1   | Entered Level 1 of the Lair of Beasts
 15744 | Lair:1   | Received a gift from Trog
 16985 | Lair:3   | Identified the +7 quarterstaff of Understanding {vorpal,
                  | Int+4}
 17126 | Lair:3   | You fall into a shaft and drop 1 floor!
 17145 | Lair:4   | Reached XP level 16. HP: 146/165 MP: 15/15
 17156 | Lair:3   | Found a stormy altar of Qazlal.
 17212 | Lair:3   | Identified the +1 cloak of Mankogge {rN+ Int-3 Dex+3}
 17905 | Lair:4   | Found a staircase to the Snake Pit.
 18223 | Lair:4   | Reached skill level 20 in Unarmed Combat
 18259 | Lair:4   | Noticed Nessos
 18489 | Lair:4   | Found a staircase to the Swamp.
 18664 | Lair:4   | Killed Nessos
 18901 | Lair:5   | Found a staircase to the Slime Pits.
 18968 | Lair:5   | Reached skill level 1 in Shields
 19012 | Lair:5   | Noticed Kirke
 19022 | Lair:5   | Killed Kirke
 19189 | Lair:5   | Identified the +5 dagger "Hineast" {venom, Str+2}
 19701 | Lair:6   | Entered Level 6 of the Lair of Beasts
 19764 | Lair:6   | Found a runed translucent door.
 19764 | Lair:6   | Found a shimmering altar of Xom.
 19764 | Lair:6   | Noticed Bybenepn's ghost (adept HuAr)
 20089 | Lair:6   | Reached skill level 5 in Shields
 21192 | Lair:6   | Received a gift from Trog
 22640 | D:15     | Found a staircase to the Depths.
 23213 | D:15     | Received a gift from Trog
 23235 | D:15     | Reached XP level 17. HP: 147/175 MP: 16/16
 23520 | D:15     | Paralysed by an ogre mage for 3 turns
 24018 | Orc:1    | Entered Level 1 of the Orcish Mines
 24346 | Orc:1    | Found Faetzao's Weapon Shoppe.
 24490 | Orc:2    | Entered Level 2 of the Orcish Mines
 24835 | Orc:2    | Found a staircase to the Elven Halls.
 25201 | Orc:2    | Found Foloci Jyxol's Antique Weapon Emporium.
 25288 | Orc:2    | Found Oboq's Weapon Shop.
 25295 | Orc:2    | Found Wonnoigef's Jewellery Shop.
 25297 | Orc:2    | Found Ahyejau's Weapon Emporium.
 25536 | Orc:2    | Bought the ring of Laal {Wiz rF+ rC+ Dex+3} for 802 gold
                  | pieces
 25788 | Swamp:1  | Entered Level 1 of the Swamp
 26338 | Swamp:1  | Received a gift from Trog
 27226 | Swamp:2  | Reached skill level 21 in Unarmed Combat
 27698 | Swamp:2  | Identified the ring "Kuugg" {Fire rPois Int+4}
 27867 | Swamp:3  | Noticed Nikola
 27867 | Swamp:3  | Noticed a tentacled monstrosity
 27976 | Snake:1  | Entered Level 1 of the Snake Pit
 28261 | Snake:1  | Found a glowing silver altar of Zin.
 28289 | Snake:1  | Received a gift from Trog
 28665 | Snake:1  | Reached XP level 18. HP: 108/191 MP: 17/17
 29429 | Snake:2  | Found Qyotz's Magic Scroll Emporium.
 29429 | Snake:2  | Found Viggiomp's Antique Armour Shoppe.
 29449 | Snake:2  | Bought a scroll of acquirement for 884 gold pieces
 29449 | Snake:2  | Acquired a manual of Unarmed Combat
 29941 | Snake:2  | Reached skill level 22 in Unarmed Combat
 30698 | Snake:2  | Received a gift from Trog
 30716 | Snake:3  | Reached skill level 23 in Unarmed Combat
 30821 | Snake:3  | Noticed Vashnia
 30846 | Snake:3  | Killed Vashnia
 31964 | Snake:3  | Reached skill level 24 in Unarmed Combat
 32314 | Snake:3  | Found Qoigowka's Book Shoppe.
 32314 | Snake:3  | Found Plog's Jewellery Boutique.
 32315 | Snake:3  | Found Zuepuron's Jewellery Boutique.
 32315 | Snake:3  | Noticed Louise
 32321 | Snake:3  | Killed Louise
 32349 | Snake:3  | Upgraded the game from 0.28-a0-2-g643f2454ad to
                  | 0.28-a0-10-g964c8b829e
 32430 | Snake:4  | Entered Level 4 of the Snake Pit
 32452 | Snake:4  | Received a gift from Trog
 32589 | Snake:4  | Reached skill level 1 in Armour
 32754 | Snake:4  | Found Oschupev's Magic Scroll Shop.
 32771 | Snake:4  | Reached XP level 19. HP: 200/200 MP: 18/18
 32803 | Snake:4  | Found Diwoen's Book Boutique.
 32806 | Snake:4  | Found Ungikhe's Antique Armour Shop.
 33017 | Snake:4  | Reached skill level 15 in Fighting
 33288 | Snake:4  | Received a gift from Trog
 34384 | Snake:4  | Got a serpentine rune of Zot
 34620 | Snake:4  | Upgraded the game from 0.28-a0-10-g964c8b829e to
                  | 0.28-a0-69-g49dcd67cf8
 34620 | Snake:4  | Reached skill level 26 in Unarmed Combat
 34620 | Snake:4  | Upgraded the game from 0.28-a0-69-g49dcd67cf8 to
                  | 0.28-a0-653-g7e9dba17c3
 34620 | Snake:4  | Quit the game

Illustrated notes

Levels and vault maps discovered:
D:1:      lemuel_arrival_hallway, layout_loops_ring, serial_shops, shop,
          ebering_ecumenical_altar_rust, serial_bayou_lagoon_a, minivault_25
D:2:      layout_basic
D:3:      layout_basic, gammafunk_temple_overflow_wave
D:4:      layout_basic, minmay_temple_entry_sparse_star, uniq_eustachio
D:5:      layout_loops_ring, gammafunk_temple_overflow_elements,
          minmay_shop_damaged
D:6:      layout_rooms, serial_shops, nicolae_shop_waterfront,
          nicolae_shop_waterfront, shop_statue, nicolae_stop_n_shop_2,
          kennysheep_mini_moat, grunt_decor_mini_mirrors, uniq_pikel
D:7:      layout_cave_pods, kennysheep_mini, chequers_serial_rivers_marsh
D:8:      kennysheep_ambush_hall, layout_gridville, uniq_maurice
D:9:      layout_basic, elyvilon_altar_5, overflow_temple_1_default,
          zombieorc2_lemuel, serial_bayou_pond_d, minmay_misc_feat_x,
          minmay_bent
D:10:     gammafunk_beogh_shrine, layout_rooms, lemuel_flamethrower_hall
D:11:     layout_loops_ring, dpeg_oklobed_lair, uniq_urug
D:12:     layout_roguey
D:13:     layout_long_grid, ximxim_vaults_locker_room, serial_shops, shop
D:14:     kennysheep_funnel, layout_loops_ring, enter_bailey_2
D:15:     hangedman_depths_entry_try_elsewhere_first, layout_basic,
          hangedman_abyss_or_decor_passed
Lair:1:   lemuel_reptile_caves, layout_cave_pods
Lair:2:   layout_misc_corridors, minivault_26, nicolae_quartered_pool_super,
          beast_lair_carwin_11, grunt_megastairs_3
Lair:3:   layout_chaotic_city, basic_altar, st_stairs_6, lemuel_fruit_tree,
          minmay_lair_oklob_chamber
Lair:4:   layout_regular_city, palyth_hydra_swamp_entry,
          guppyfry_snake_entry_garden, uniq_nessos
Lair:5:   layout_roguey, minmay_slime_entry_jelly_boxes, uniq_kirke
Lair:6:   due_jungle_book, layout_regular_city, ebering_ghost_xom,
          serial_bayou_shore_b, serial_bayou_shore_a
Swamp:1:  layout_basic_swamp, hangedman_swamp_ruin_hall, swamp_pool3,
          nicolae_swamp_trees_clearing, nicolae_swamp_well_well_well
Swamp:2:  layout_basic_swamp, nicolae_swamp_round_clearing, swamp_pool1,
          hangedman_swamp_double_dragon
Swamp:3:  layout_falls_marsh, evilmike_swamp_ruin_house_2, swamp_pool2,
          nicolae_swamp_alligator_family, uniq_donald, uniq_bai_suzhen,
          uniq_nikola, uniq_mara
Snake:1:  layout_layer_cave, basic_altar, nicolae_snake_snakewalk
Snake:2:  layout_basic, nicolae_snake_gridmaze_spiral,
          nicolae_snake_biting_tails, minmay_shoptagon
Snake:3:  layout_grid_maze, minmay_shop_grove, uniq_vashnia, uniq_louise
Snake:4:  grunt_snake_rune_serpentine_throne, layout_cave_town,
          grunt_megastairs_1, minmay_shop_star
Orc:1:    layout_caves, serial_shops, shop
Orc:2:    st_orc_elflike, layout_caves, basic_altar

Skill      XL: |  1  2  3  4  5  6  7  8  9 10 11 12 13 14 15 16 17 18 19 |
---------------+----------------------------------------------------------+-----
Unarmed Combat | 4 6 7 8 10 11 13 15 16 19 20 21 24 26 | 26.7
Fighting       | 3 4 6 8 9 11 12 14 16 | 16.2
Dodging        | 3 4 5 |  5.7
Evocations     | 1 4 |  4.0
Shields        | 9 |  9.0
Armour         | 1 3 |  3.0

Action                   |  1- 3 |  4- 6 |  7- 9 | 10-12 | 13-15 | 16-18 | 19-21 || total
-------------------------+-------+-------+-------+-------+-------+-------+-------++-------
Melee: Unarmed           |    89 |   115 |   194 |   468 |   459 |  1437 |   241 ||  3003
       Touch             |     1 |     5 |    13 |    30 |    44 |    24 |       ||   117
       Scimitar          |       |       |       |       |     9 |    43 |       ||    52
 Fire: Shortbow          |       |       |    12 |     9 |       |       |       ||    21
       Hand crossbow     |       |       |       |       |       |    34 |       ||    34
Throw: Boomerang         |       |     3 |     3 |    22 |     9 |    74 |       ||   111
Invok: Berserk           |       |     2 |     3 |    15 |     1 |     2 |       ||    23
       Brothers in Arms  |       |       |       |     1 |       |     1 |       ||     2
       Trog's Hand       |       |       |       |       |     1 |    11 |       ||    12
  Use: Scroll            |       |     9 |     3 |    11 |     3 |     4 |       ||    30
       Potion            |       |       |       |       |     2 |       |       ||     2
 Stab: Sleeping          |       |       |       |     1 |     2 |       |       ||     3
Armor: Animal skin       |    11 |    24 |    31 |       |       |       |       ||    66
       Steam dragon scal |       |       |    13 |    13 |       |       |       ||    26
       Robe              |       |       |       |    75 |   114 |   135 |       ||   324
       Swamp dragon scal |       |       |       |       |       |    80 |    37 ||   117
Dodge: Dodged            |    41 |    46 |    69 |   168 |   154 |   327 |    41 ||   846
Block: Kite shield       |       |       |       |       |       |   744 |   142 ||   886
       Reflection        |       |       |       |       |       |    65 |    29 ||    94
       Rpst.: Scimitar   |       |       |       |       |       |     8 |       ||     8

Table legend: (Time is in decaauts)
 A = Elapsed time spent in this place.
 B = Non-inter-level travel time spent in this place.
 C = Inter-level travel time spent in this place.
 D = Time resting spent in this place.
 E = Time spent auto-exploring this place.
 F = Levels seen in this place.
 G = Mean time per level.
                   A        B        C        D        E       F      G
               +--------+--------+--------+--------+--------+-----+--------+
         Total |  34212 |  20245 |  13967 |   3902 |   9081 |  31 | 1103.6 |
       Dungeon |  16498 |   8903 |   7595 |   1855 |   3548 |  15 | 1099.9 |
          Lair |   7139 |   4463 |   2676 |    397 |   2773 |   6 | 1189.8 |
         Swamp |   2146 |   1272 |    874 |    435 |    374 |   3 |  715.3 |
     Snake Pit |   6330 |   4275 |   2055 |   1127 |   1880 |   4 | 1582.5 |
  Orcish Mines |   1442 |    677 |    765 |     32 |    358 |   2 |  721.0 |
        Bailey |    656 |    656 |      0 |     55 |    146 |   1 |  656.0 |
               +--------+--------+--------+--------+--------+-----+--------+

Top non-repeatable levels by time:
 Snake:4: 2075 daAuts
 Snake:3: 1578 daAuts
  Lair:6: 1564 daAuts
    D:14: 1481 daAuts
 Snake:2: 1479 daAuts
     D:8: 1423 daAuts
  Lair:1: 1383 daAuts
    D:11: 1378 daAuts
    D:12: 1318 daAuts
  Lair:4: 1318 daAuts
  Lair:3: 1309 daAuts
    D:13: 1274 daAuts
    D:15: 1238 daAuts
 Snake:1: 1196 daAuts
     D:9: 1157 daAuts
